 Dungeon Crawl Stone Soup version 0.27.1-4-g1640c2035a (webtiles) character file.

Game seed: 13882982315132077076

30 ders the Shield-Bearer (level 3, -24/24 HPs)
             Began as a Gargoyle Fighter on Nov 17, 2021.
             Killed by an exploding goblin (26 damage)
             ... ignited by their inner flame
             ... on level 4 of the Dungeon.
             The game lasted 00:01:31 (1214 turns).

ders the Shield-Bearer (Gargoyle Fighter)           Turns: 1214, Time: 00:01:31

Health: -24/24     AC: 10    Str: 20    XL:     3   Next: 20%
Magic:  3/3        EV:  7    Int:  8    God:
Gold:   69         SH:  9    Dex:  9    Spells: 2/2 levels left

rFire    . . .     SeeInvis .   a - +0 flail
rCold    . . .     Faith    .   c - +0 kite shield
rNeg     + . .     Spirit   .   b - +0 scale mail
rPois    ∞         Reflect  .   (no helmet)
rElec    +         Harm     .   (no cloak)
rCorr    .         Rampage  .   (no gloves)
Will     .....                  (no boots)
Stlth    ..........             (no amulet)
HPRegen  0.08/turn              (no ring)
MPRegen  0.08/turn              (no ring)

@: no status effects
A: sickness immunity, AC +3, negative energy resistance 1, electricity
resistance, torment resistance 1, petrification resistance
a: no special abilities


You were on level 4 of the Dungeon.
You visited 1 branch of the dungeon, and saw 3 of its levels.

You collected 69 gold pieces.

Inventory:

Hand Weapons
 a - a +0 flail (weapon)
Armour
 b - a +0 scale mail (worn)
 c - a +0 kite shield (worn)
Jewellery
 f - a ring of magical power
Scrolls
 e - a scroll of vulnerability {unknown}
 g - 3 scrolls of teleportation {unknown}
 i - a scroll of immolation
Potions
 d - a potion of might
 h - a potion of curing {unknown}
 j - a potion of heal wounds {unknown}


   Skills:
 + Level 3.7 Fighting
 + Level 2.5 Maces & Flails
 - Level 3.3 Armour
 + Level 3.8 Shields


You had 2 spell levels left.
You didn't know any spells.
Your spell library was empty.

Dungeon Overview and Level Annotations

Branches:
Dungeon (2/15)

Altars:


Innate Abilities, Weirdness & Mutations

You are immune to sickness and miasma.
Your stone body is resilient. (AC +3)
You are immune to poison.
You resist negative energy. (rN+)
You are resistant to electric shocks. (rElec)
You are resistant to unholy torment.
You are immune to petrification.


Message History

The endoplasm quivers.
Found a crooked bone wand and 28 gold pieces.
Found a stone staircase leading down.
Okay, then.
Okay, then.
As you read the scroll labelled WELEATHO BYJA, it crumbles to dust.
The creatures around you are filled with an inner flame!
It was a scroll of immolation.
Robin throws the goblin at you!
The goblin hits you but does no damage. x3
The goblin hits you but does no damage. x3
Robin roars a battlecry!
The goblins go into a battle-frenzy!
A scorpion comes into view.
The goblin hits you with a +0 club. Robin throws the goblin at you!
The goblin hits you with a +0 dagger.
You barely miss the goblin. You block the goblin's attack.
The endoplasm jiggles.
The goblin hits you but does no damage. Robin throws the goblin at you!
The goblin hits you but does no damage. x2; You block the goblin's attack.
The goblin closely misses you.
You barely miss the goblin. The goblin hits you but does no damage.
You block the goblin's attack. x4
The endoplasm hits you but does no damage.
The goblin hits you with a +0 dagger. The goblin hits you with a +0 club.
The goblin closely misses you. You block the goblin's attack.
The goblin barely misses you. x2
You hit the goblin but do no damage. The goblin closely misses you.
The endoplasm freezes you.
You are frozen.
You block the goblin's attack. You block Robin's attack.
The goblin hits you with a +0 dagger.
* * * LOW HITPOINT WARNING * * *
You block the goblin's attack. The goblin hits you with a +0 club.
* * * LOW HITPOINT WARNING * * *
The goblin hits you but does no damage. x2; The goblin barely misses you.
The endoplasm barely misses you.
You sock the goblin!
The goblin explodes!
The fiery explosion engulfs Robin!!
The fiery explosion engulfs you!!
Ouch! That really hurt!
You die...

########
#......# .
#$.....# ..
#......#
#..##......#
#......§g§.#
..../sgg)§.#
#....gg@gg.#
#.....Jgg###
#........#
#........#
#.....$..#
..>#######
###


You could see a scorpion, an endoplasm (inner flame) and 9 goblins.

Vanquished Creatures
  Robin (D:4)
  2 dart slugs
  5 endoplasms (D:1)
  A giant cockroach (D:1)
  A quokka (D:2)
  6 ball pythons (D:1)
  2 bats (D:1)
  3 frilled lizards (D:1)
  3 goblins
  2 kobolds (D:1)
  A rat (D:1)
27 creatures vanquished.

Notes
Turn   | Place    | Note
-------+----------+-------------------------------------------
     0 | D:1      | ders the Gargoyle Fighter began the quest for the Orb.
     0 | D:1      | Reached XP level 1. HP: 14/14 MP: 1/1
   113 | D:1      | Reached XP level 2. HP: 9/19 MP: 2/2
  1030 | D:1      | Found a faded altar of an unknown god.
  1055 | D:1      | Reached XP level 3. HP: 24/24 MP: 3/3
  1207 | D:2      | You fall into a shaft and drop 2 floors!
  1207 | D:4      | Noticed Robin
  1210 | D:4      | Noticed a scorpion
  1214 | D:4      | Killed Robin
  1214 | D:4      | Killed by an exploding goblin... ignited by their inner
                  | flame

Illustrated notes

Levels and vault maps discovered:
D:1:      dpeg_arrival_pits, layout_rooms, shapermc_ecumenical_altar_hornbeckon,
          minmay_hexomino_c4
D:2:      layout_basic, serial_shops,
          nicolae_shop_temple_entry_statues_fountains, uniq_jessica
D:4:      layout_basic, uniq_robin

Action                   || total
-------------------------++-------
Melee: Flail             ||    74
  Use: Scroll            ||     1
Armor: Scale mail        ||    54
Dodge: Dodged            ||    40
Block: Kite shield       ||    58
